 Dungeon Crawl Stone Soup version 0.17-a0-802-g1f09329 (webtiles) character file.

3374 Hanyuu the Martial Artist (level 10, -3/76 HPs)
             Began as an Octopode Transmuter on Apr 26, 2015.
             Was a Follower of Makhleb.
             Slain by a killer bee (6 damage)
             ... on level 6 of the Dungeon.
             The game lasted 00:43:29 (11770 turns).

Hanyuu the Martial Artist (Octopode Transmuter)    Turns: 11770, Time: 00:43:30

Health: -3/76      AC:  5    Str: 15      XL:     10   Next: 3%
Magic:  16/16      EV: 16    Int: 16      God:    Makhleb [*.....]
Gold:   356        SH:  0    Dex: 18 (20) Spells: 6 memorised, 5 levels left

rFire  x . .     SeeInvis .       - Unarmed
rCold  + + +     Clarity  .     (shield currently unavailable)
rNeg   . . .     SustAb   .     (helmet currently unavailable)
rPois  +         Gourm    .     C - amulet of resist corrosion
rElec  .         Spirit   .     k - ring of invisibility
rCorr  +         Warding  .     p - ring of wizardry
rMut   .         Stasis   .     s - ring of wizardry
MR     .....                    (no ring)
Stlth  +++.......               (no ring)
                                (no ring)
                                (no ring)
                                (no ring)

@: mighty, agile, ice-form (expiring), not resistant to hostile enchantments,
fairly stealthy
A: almost no armour, amphibious, 8 rings, (constrict 8), (camouflage 0),
(gelatinous body 0)
a: End Transformation, Renounce Religion, Evoke Invisibility


You were on level 6 of the Dungeon.
You worshipped Makhleb.
Makhleb was aware of your devotion.
You were very hungry.
You were a creature of crystalline ice.
You visited 2 branches of the dungeon, and saw 8 of its levels.
You also visited: Sewer.

You collected 356 gold pieces.

Inventory:

Hand weapons
 a - a +2 blowgun (melded)
Missiles
 u - 25 poisoned needles
 w - 104 arrows
 A - 13 tomahawks (quivered)
Magical staves
 G - an uncursed staff of poison
Jewellery
 k - a ring of invisibility (left front paw)
 p - a ring of wizardry (right front paw)
 s - a ring of wizardry (on tentacle)
 C - an amulet of resist corrosion (around neck)
Scrolls
 d - 2 scrolls of immolation
 e - a scroll of teleportation
 j - 4 scrolls of identify
 D - 4 scrolls of remove curse
 I - a scroll of magic mapping {unknown}
 J - 2 scrolls of fear {unknown}
 K - a scroll of fog {unknown}
 M - 2 scrolls of noise {unknown}
 N - a scroll of recharging
 O - a scroll of vulnerability {unknown}
Potions
 f - 6 potions of flight {unknown}
 g - 4 potions of might
 h - a potion of degeneration {unknown}
 i - 2 potions of curing
 o - a potion of agility
 r - a potion of invisibility {unknown}
 v - a potion of mutation {unknown}
 z - a potion of poison
 E - a potion of cancellation {unknown}
 F - a potion of brilliance {unknown}
 H - a potion of magic {unknown}
Books
 b - a book of Changes

   Spells                             Type                      Level
   a - Beastly Appendage              Transmutation                1
   b - Sticks to Snakes               Transmutation                2
   c - Spider Form                    Transmutation/Poison         3
   d - Ice Form                       Ice/Transmutation            4
   e - Blade Hands                    Transmutation                5
 n - Sif Muna's Collected Works on Talismans
   (You found it on level 4 of the Dungeon)

   Spells                             Type                      Level
   a - Infusion                       Charms                       1
 q - Vehumet's Almanac of Attacks
   (You found it on level 4 of the Dungeon)

   Spells                             Type                      Level
   a - Magic Dart                     Conjuration                  1
 t - a book of Party Tricks

   Spells                             Type                      Level
   a - Summon Butterflies             Summoning                    1
   b - Apportation                    Translocation                1
   c - Tukima's Dance                 Hexes                        3
   d - Alistair's Intoxication        Transmutation/Poison         4
   e - Invisibility                   Hexes                        6
 B - Kikubaaqudgha's Papyrus of Stolen Souls
   (You found it on level 4 of the Dungeon)

   Spells                             Type                      Level
   a - Pain                           Necromancy                   1
Comestibles
 c - 4 bread rations
 l - 2 meat rations
 m - 2 beef jerkies
 x - 5 fruits
 L - a slice of pizza


   Skills:
 + Level 4.2 Fighting
 - Level 1.0 Throwing
 - Level 3.0 Dodging
 * Level 11.5 Unarmed Combat
 - Level 4.0 Spellcasting
 - Level 5.0 Transmutations


You had 5 spell levels left.
You knew the following spells:

 Your Spells              Type           Power        Failure   Level  Hunger
a - Beastly Appendage     Trmt           ###...       1%          1    None
b - Sticks to Snakes      Trmt           ###.......   1%          2    ##.....
c - Spider Form           Trmt/Pois      ##........   4%          3    ###....
d - Summon Butterflies    Summ           #.......     4%          1    None
e - Ice Form              Ice/Trmt       ##......     21%         4    ####...
f - Infusion              Chrm           #.....       4%          1    None


Dungeon Overview and Level Annotations

Branches:
Dungeon (7/15)             Temple (1/1) D:7

Altars:
Cheibriados
Elyvilon
Fedhas
Gozag
Kikubaaqudgha
Makhleb
Nemelex Xobeh
Okawaru
Qazlal
Ru
Sif Muna
Vehumet
Xom
Yredelemnul
Zin
The Shining One

Annotations:
D:4 1 exclusion
D:5 exclusion: player ghost
D:7 Pikel


Innate Abilities, Weirdness & Mutations

You cannot wear most types of armour.
You are amphibious.
You can wear up to eight rings at the same time.
((You can use your tentacles to constrict eight enemies at once.))
((Your skin changes colour to match your surroundings (Stealth).))
((Your rubbery body absorbs attacks (AC +1).))


Message History

The killer bee stings you.
* * * LOW HITPOINT WARNING * * *
You climb upwards.
There is a stone staircase leading down here.
Unknown command.
Drink which item? (? for menu, Esc to quit)
You feel better. The killer bee stings you.
* * * LOW HITPOINT WARNING * * *
The killer bee closely misses you.
Unknown command.
Drink which item? (? for menu, Esc to quit)
Okay, then.
Drink which item? (? for menu, Esc to quit)
You feel agile all of a sudden. The killer bee misses you.
The killer bee stings you.
* * * LOW HITPOINT WARNING * * *
Drink which item? (? for menu, Esc to quit)
You feel very mighty all of a sudden.
Your transformation is almost over.
The killer bee stings you.
You die...

#########
######.......#
#...##.#####.#####
#.#.##.##........#
#Y#.......##......
#y####.#####..##)#
######.## #.#####..##.#
#.......# #.)......##.#
#.####.###########.##.#
#.# ###.......# #.##.#
#.# #.......# #.....
#.# #.......# ####.#
#.# #.......# #.....


You could see a killer bee.

Vanquished Creatures
  Joseph (D:7)
  A troll (D:6)
  The ghost of namelastname112 the Twirler, an average DrGl of Okawaru (D:5)
  A water moccasin (D:7)
  2 orc warriors
  A phantom (D:4)
  An ice beast (D:7)
  A black bear (D:7)
  4 slaves (D:7)
  3 ogres
  3 big kobolds (Sewer)
  A centaur (D:5)
  A giant frog (D:6)
  3 scorpions
  2 killer bees (D:7)
  4 crimson imps
  A quasit (D:7)
  A giant frog skeleton (D:4)
  4 orc wizards
  Crazy Yiuf (D:2)
  Ijyb (D:3)
  3 hounds
  2 jellies
  2 orc priests
  A centaur skeleton (D:5)
  5 worker ants
  An iguana (D:6)
  A hound zombie (D:7)
  A hound skeleton (D:5)
  A worker ant zombie (D:6)
  Robin (D:4)
  A river rat (D:6)
  3 gnolls (D:5)
  10 adders
  A shadow imp (D:6)
  An ooze (Sewer)
  An adder skeleton (D:4)
  7 worms
  6 giant geckos
  33 orcs
  6 giant cockroaches
  2 gnoll zombies (D:7)
  8 hobgoblins
  9 jackals
  26 kobolds
  3 quokkas
  4 ball pythons
  12 bats
  7 giant newts
  23 goblins
  16 rats
235 creatures vanquished.

Notes
Turn   | Place    | Note
--------------------------------------------------------------
     0 | D:1      | Hanyuu, the Octopode Transmuter, began the quest for the Orb.
     0 | D:1      | Reached XP level 1. HP: 13/13 MP: 3/3
   433 | D:2      | Reached XP level 2. HP: 18/18 MP: 5/5
   546 | D:2      | Learned a level 2 spell: Sticks to Snakes
   552 | D:2      | Reached skill level 4 in Unarmed Combat
   552 | D:2      | Reached XP level 3. HP: 12/23 MP: 4/6
   712 | D:2      | Learned a level 3 spell: Spider Form
  1413 | D:2      | Noticed Crazy Yiuf
  1550 | D:2      | Killed Crazy Yiuf
  1550 | D:2      | Reached skill level 5 in Unarmed Combat
  1550 | D:2      | Reached XP level 4. HP: 10/28 MP: 3/7
  1770 | D:3      | Learned a level 1 spell: Summon Butterflies
  1777 | D:3      | Found a sparkling altar of Nemelex Xobeh.
  1999 | D:3      | Found a glowing golden altar of the Shining One.
  2564 | D:3      | Noticed Ijyb
  2603 | D:3      | Killed Ijyb
  2603 | D:3      | Reached skill level 1 in Throwing
  2603 | D:3      | Reached XP level 5. HP: 25/33 MP: 8/8
  3444 | D:4      | Reached skill level 6 in Unarmed Combat
  3573 | D:4      | Noticed a phantom
  3690 | D:4      | Reached XP level 6. HP: 14/38 MP: 9/9
  4053 | D:4      | Noticed Robin
  4336 | D:4      | Noticed an ogre
  4369 | D:3      | Killed an ogre
  4791 | D:3      | Reached skill level 7 in Unarmed Combat
  4809 | D:3      | Learned a level 4 spell: Ice Form
  4898 | D:3      | Reached XP level 7. HP: 37/43 MP: 11/11
  5092 | D:4      | Killed Robin
  5276 | D:4      | Noticed an ogre
  5297 | D:4      | Killed an ogre
  5358 | D:4      | Found a radiant altar of Vehumet.
  5360 | D:4      | Found a deep blue altar of Sif Muna.
  5360 | D:4      | Found an ancient bone altar of Kikubaaqudgha.
  5366 | D:4      | Identified Sif Muna's Collected Works on Talismans
  5369 | D:4      | Learned a level 1 spell: Infusion
  5375 | D:4      | Identified Vehumet's Almanac of Attacks
  5383 | D:4      | Identified Kikubaaqudgha's Papyrus of Stolen Souls
  5691 | D:4      | Killed a phantom
  5842 | D:4      | Reached skill level 8 in Unarmed Combat
  5844 | D:4      | Reached XP level 8. HP: 30/48 MP: 8/12
  5976 | D:5      | Entered Level 5 of the Dungeon
  6225 | D:5      | Noticed namelastname112's ghost (average DrGl)
  6871 | D:5      | Killed namelastname112's ghost
  6915 | D:5      | Reached skill level 9 in Unarmed Combat
  8202 | D:6      | Found a glowing drain.
  8207 | Sewer    | Entered a sewer
  8573 | Sewer    | Reached XP level 9. HP: 51/53 MP: 13/13
  8650 | Sewer    | Reached skill level 5 in Transmutations
  8862 | D:6      | Reached skill level 10 in Unarmed Combat
  9009 | D:6      | Noticed a troll
  9083 | D:6      | Killed a troll
  9789 | D:7      | Noticed Pikel
  9804 | D:7      | Found a stormy altar of Qazlal.
 10042 | D:7      | Found a staircase to the Ecumenical Temple.
 10051 | Temple   | Entered the Ecumenical Temple
 10126 | Temple   | Became a worshipper of Makhleb the Destroyer
 10355 | D:7      | Found a basalt altar of Yredelemnul.
 10431 | D:7      | Noticed Joseph
 11060 | D:7      | Killed Joseph
 11060 | D:7      | Reached skill level 11 in Unarmed Combat
 11567 | D:7      | Acquired Makhleb's first power
 11701 | D:7      | Reached XP level 10. HP: 58/63 MP: 16/16
 11769 | D:6      | HP: 3/76 [killer bee (3)]
 11770 | D:6      | Slain by a killer bee

Action                   |  1- 3 |  4- 6 |  7- 9 | 10-12 || total
-------------------------+-------+-------+-------+-------++-------
Melee: Unarmed           |    80 |   114 |   320 |    12 ||   526
 Fire: Blowgun           |       |    27 |   109 |     3 ||   139
Throw: Tomahawk          |       |       |     1 |       ||     1
 Cast: Beastly Appendage |     1 |     3 |     8 |       ||    12
       Spider Form       |     2 |     3 |     7 |       ||    12
       Infusion          |       |       |    11 |       ||    11
       Ice Form          |       |       |       |     1 ||     1
  Use: Scroll            |       |     3 |    15 |       ||    18
       Potion            |       |     2 |     5 |     3 ||    10
 Stab: Sleeping          |     3 |     4 |    12 |       ||    19
       Distracted        |       |     1 |     3 |       ||     4
  Eat: Chunk             |     1 |     9 |    16 |       ||    26
       Royal jelly       |       |     1 |       |       ||     1
       Fruit             |       |     1 |     6 |       ||     7
